 Dungeon Crawl Stone Soup version 0.30-a0-165-g1891117ce2 (webtiles) character file.

Game seed: 14099693375755434981

9758 qw the Cleaver (level 11, -4/71 HPs)
             Began as a Gargoyle Fighter on Sept 28, 2022.
             Was a High Priest of Okawaru.
             Slain by a black mamba (7 damage)
             ... on level 1 of the Lair of Beasts.
             The game lasted 00:03:33 (6906 turns).

qw the Cleaver (Gargoyle Fighter)                   Turns: 6906, Time: 00:03:33

Health: -4/71      AC: 32    Str: 24    XL:     11   Next: 51%
Magic:  14/16      EV:  9    Int:  9    God:    Okawaru [*****.]
Gold:   549        SH:  6    Dex:  9    Spells: 10/10 levels left

rFire   . . .      SeeInvis .    Y - +2 war axe (drain)
rCold   . . .      Faith    .    c - +0 buckler
rNeg    + . .      Spirit   .    j - +0 plate armour
rPois   inf        Reflect  .    i - +1 helmet
rElec   +          Harm     .    k - +0 cloak
rCorr   +          Rampage  .    (no gloves)
Will    .....                    (no boots)
Stlth   ..........               a - amulet of regeneration
HPRegen 1.01/turn                p - ring of resist corrosion
MPRegen 0.15/turn                q - +4 ring of protection

@: heroic
A: sickness immunity, AC +8, negative energy resistance 1, electricity
resistance, torment resistance 1, petrification resistance
a: Renounce Religion, Heroism, Finesse, Duel


You were on level 1 of the Lair of Beasts.
You worshipped Okawaru.
Okawaru was extremely pleased with you.
You visited 3 branches of the dungeon, and saw 10 of its levels.
You also visited: Sewer.

You collected 549 gold pieces.


Innate Abilities, Weirdness & Mutations

You are immune to sickness and miasma.
Your stone body is resilient. (AC +8)
You are immune to poison.
You resist negative energy. (rN+)
You are resistant to electric shocks. (rElec)
You are resistant to unholy torment.
You are immune to petrification.


   Skills:
 - Level 9.0(14.0) Fighting
 - Level 11.0(16.0) Axes
 - Level 2.2(7.2) Throwing
 + Level 7.8(12.8) Armour
 - Level 1.0(6.0) Dodging
 - Level 6.4(11.4) Shields
 + Level 7.0 Invocations


You had 10 spell levels left.
You didn't know any spells.
Your spell library was empty.

Inventory:

Hand Weapons
 t - a +1 demon whip of venom
 Y - a +2 war axe of draining (weapon)
Missiles
 l - a silver boomerang (quivered)
 m - 9 boomerangs
Armour
 c - a +0 buckler (worn)
 i - a +1 helmet (worn)
 j - a +0 plate armour (worn)
 k - a +0 cloak (worn)
Jewellery
 a - an amulet of regeneration (around neck)
 p - a ring of resist corrosion (left hand)
 q - a +4 ring of protection (right hand)
Scrolls
 h - a scroll of identify
Potions
 d - 5 potions of might
 e - 2 potions of curing
 g - a potion of mutation
 n - 2 potions of lignification
 o - 2 potions of haste
 r - 2 potions of attraction
 s - a potion of resistance {unknown}

Dungeon Overview and Level Annotations

Branches:
Dungeon (8/15)             Temple (1/1) D:5            Lair (1/5) D:8
  Sewer (visited)

Altars:
Ashenzari
Cheibriados
Dithmenos
Elyvilon
Fedhas
Gozag
Hepliaklqana
Kikubaaqudgha
Makhleb
Nemelex Xobeh
Okawaru
Ru
Sif Muna
Trog
Uskayaw
Vehumet
Wu Jian
Xom
Yredelemnul
Zin
The Shining One

Shops:
D:3 =


Message History

You barely miss the water moccasin. You hit the yak. You drain the yak.
You hit the black mamba but do no damage.
You drain the black mamba.
The black mamba bites you but does no damage.
The water moccasin bites you but does no damage.
The yak gores you but does no damage. The black bear bites you.
The black bear claws you but does no damage. x2
The black mamba bites you but does no damage.
You block the black mamba's attack.
You slash the yak!
You kill the yak!
Okawaru accepts your kill.
You hit the yak but do no damage. You closely miss the black bear.
You slash the water moccasin! You drain the water moccasin.
You hit the black mamba but do no damage.
You hit the black mamba. You drain the black mamba.
You kill the black mamba!
Okawaru accepts your kill.
The water moccasin bites you but does no damage.
The black mamba bites you but does no damage.
The black bear misses you.
The black bear claws you but does no damage. x2
The yak gores you but does no damage.
Your Invocations skill increases to level 7!
You slash the water moccasin!
You kill the water moccasin!
Okawaru accepts your kill.
You hit the black bear. You drain the black bear.
You barely miss the black mamba. You slash the cane toad! You hit the yak.
You drain the yak. The black mamba barely misses you. The cane toad stings you.
You closely miss the black bear.
The black bear is moderately wounded.
You slash the cane toad! You drain the cane toad. You barely miss the yak.
You barely miss the black mamba.
The black mamba bites you but does no damage.
The yak gores you but does no damage. The black bear bites you.
The black bear claws you but does no damage.
The black bear barely misses you. The black mamba bites you!
You die...

....... ..
#......+###.###
##.....#.......#.....
#P.....#.......#.....
#......#.......#....
#P.....#.......#...
##...Y%#..........##
#....h@#.......#...#
......YSF#.######..#
........Y..........#
...................#
.....######........#
..... ##..[.....#
.... #P........# ....
##........#
#........#


You could see an elephant, a black mamba (drained), 2 yaks, a cane toad
(drained) and a black bear (drained).

Vanquished Creatures
  Erica (D:8)
  A two-headed ogre (D:7)
  A boulder beetle (Lair:1)
  Amaemon (Lair:1)
  2 elephants (Lair:1)
  2 black mambas (Lair:1)
  A cane toad (Lair:1)
  An orange demon (Lair:1)
  2 komodo dragons (Lair:1)
  Grinder (Sewer)
  A yak (Lair:1)
  A steam dragon (D:6)
  A basilisk (Lair:1)
  3 wargs (D:8)
  6 water moccasins
  An ice beast (D:5)
  2 sky beasts
  2 black bears
  2 ogres
  3 centaurs
  3 phantoms
  A kobold brigand (D:8)
  6 bullfrogs
  A gnoll sergeant (D:5)
  5 scorpions
  3 necrophages
  5 wights
  7 killer bees
  3 howler monkeys
  3 hounds
  2 jellies
  2 orc priests
  A gnoll bouda (D:7)
  3 iguanas
  5 orc wizards
  3 adders
  10 gnolls
  5 shadow imps
  A white imp (D:8)
  4 ufetubi
  3 dart slugs
  21 orcs
  7 ball pythons
  5 bats
  8 endoplasms
  8 giant cockroaches
  7 goblins
  8 hobgoblins
  3 jackals (D:4)
  6 quokkas
  3 frilled lizards
  A giant cockroach zombie (Sewer)
  18 kobolds
  2 kobold zombies (Sewer)
  8 rats
216 creatures vanquished.

Vanquished Creatures (others)
  An orc (D:8)
1 creature vanquished.

Grand Total: 217 creatures vanquished

Notes
Turn   | Place    | Note
-------+----------+-------------------------------------------
     0 | D:1      | qw the Gargoyle Fighter began the quest for the Orb.
     0 | D:1      | Reached XP level 1. HP: 14/14 MP: 1/1
     0 | D:1      | 0 ||| qw: Version: 0.2-a-12-gaebbb33
     0 | D:1      | 0 ||| qw: Game counter: 773
     0 | D:1      | 0 ||| qw: Always use a shield: true
     0 | D:1      | 0 ||| qw: God list: Okawaru
     0 | D:1      | 0 ||| qw: Allow faded altars: false
     0 | D:1      | 0 ||| qw: Do Orc after D:15 true
     0 | D:1      | 0 ||| qw: Do second Lair branch before Depths: true
     0 | D:1      | 0 ||| qw: Lair rune preference: random
     0 | D:1      | 0 ||| qw: Plans: Normal, Zot:1-4, God:TSO, Crypt, Tomb,
                  | Pan, Slime:5, Hells, Abyss, Orb
     0 | D:1      | 0 ||| PLANNING D:1-11
    41 | D:1      | 41 ||| Stepping ~*~*~tactically~*~*~ (stealth).
   124 | D:1      | Reached skill level 2 in Axes
   344 | D:1      | Reached XP level 2. HP: 19/19 MP: 2/2
   409 | D:1      | Reached skill level 3 in Axes
   450 | D:1      | 450 ||| DROPPING +0 club.
   478 | D:1      | Reached XP level 3. HP: 23/23 MP: 3/3
   555 | D:1      | 555 ||| Stepping ~*~*~tactically~*~*~ (hiding).
  1179 | D:1      | 1179 ||| READING scroll labelled DUDOISH ASURAV.
  1180 | D:1      | 1180 ||| READING 2 scrolls labelled HOITIU BASMAOKK.
  1181 | D:1      | 1181 ||| READING scroll labelled UTZOUS AX ERCHO.
  1182 | D:1      | 1182 ||| DRINKING 2 glowing green potions.
  1267 | D:2      | Found a shadowy altar of Dithmenos.
  1366 | D:2      | 1366 ||| Stepping ~*~*~tactically~*~*~ (stealth).
  1513 | D:2      | Reached XP level 4. HP: 28/28 MP: 4/4
  1815 | D:2      | Reached skill level 4 in Axes
  1957 | D:2      | 1957 ||| UPGRADING to +0 cloak.
  1962 | D:2      | 1962 ||| UPGRADING to amulet of regeneration.
  1967 | D:2      | 1967 ||| UPGRADING to ring of resist corrosion.
  1968 | D:2      | 1968 ||| READING scroll labelled JORGHOA LAUK.
  1969 | D:2      | 1969 ||| READING scroll labelled BATZEM YGAESOGE.
  1970 | D:2      | 1970 ||| READING scroll labelled ARHATH VE ITZOEDIN.
  1975 | D:2      | 1975 ||| READING scroll labelled BENUGI UKIUP.
  1976 | D:2      | 1976 ||| READING scroll labelled CANTI WAPIUF.
  1977 | D:2      | 1977 ||| DRINKING 3 fizzy cyan potions.
  1978 | D:2      | 1978 ||| READING 2 scrolls of identify.
  1978 | D:2      | 1978 ||| IDENTIFYING purple potion
  1979 | D:2      | 1979 ||| DROPPING 2 potions of brilliance.
  1980 | D:2      | 1980 ||| DROPPING potion of berserk rage.
  2003 | D:3      | 2003 ||| PLANNING SEWER
  2029 | D:3      | You fall into a shaft and drop 2 floors!
  2029 | D:5      | Entered Level 5 of the Dungeon
  2043 | D:5      | Noticed a phantom
  2043 | D:5      | 2043 ||| FLEEEEING.
  2044 | D:5      | 2044 ||| FLEEEEING.
  2045 | D:5      | 2045 ||| FLEEEEING.
  2045 | D:5      | Noticed a scorpion
  2046 | D:5      | 2046 ||| STAIRDANCE
  2046 | D:5      | Noticed a scorpion
  2071 | D:4      | Reached XP level 5. HP: 24/32 MP: 5/5
  2105 | D:4      | Noticed a sky beast
  2122 | D:4      | Killed a sky beast
  2123 | D:4      | Reached skill level 5 in Axes
  2123 | D:4      | Reached XP level 6. HP: 37/37 MP: 6/6
  2251 | D:4      | 2251 ||| UPGRADING to +0 helmet.
  2256 | D:4      | 2256 ||| READING scroll labelled GOOJIQ DIPH.
  2264 | D:4      | 2264 ||| READING scroll labelled MAMOMIL MITI.
  2277 | D:4      | 2277 ||| Stepping ~*~*~tactically~*~*~ (stealth).
  2291 | D:4      | 2291 ||| FLEEEEING.
  2292 | D:4      | 2292 ||| FLEEEEING.
  2293 | D:4      | 2293 ||| FLEEEEING.
  2294 | D:4      | 2294 ||| FLEEEEING.
  2295 | D:4      | 2295 ||| STAIRDANCE
  2349 | D:3      | Found Baocam's Jewellery Emporium.
  2364 | D:3      | 2364 ||| SHOPLISTING +6 ring of strength (468 gold, have
                  | 146).
  2364 | D:3      | 2364 ||| SHOPLISTING ring of protection from fire (325
                  | gold, have 146).
  2396 | D:3      | Found a glowing drain.
  2434 | Sewer    | Entered a sewer
  2462 | Sewer    | 2462 ||| Stepping ~*~*~tactically~*~*~ (stealth).
  2523 | Sewer    | Reached skill level 1 in Dodging
  2558 | Sewer    | 2558 ||| Stepping ~*~*~tactically~*~*~ (stealth).
  2561 | Sewer    | 2561 ||| Stepping ~*~*~tactically~*~*~ (hiding).
  2585 | Sewer    | Noticed Grinder
  2594 | Sewer    | Found an ancient bone altar of Kikubaaqudgha.
  2599 | Sewer    | Reached skill level 6 in Axes
  2609 | Sewer    | 2609 ||| Stepping ~*~*~tactically~*~*~ (hiding).
  2616 | Sewer    | Reached XP level 7. HP: 21/43 MP: 7/7
  2620 | Sewer    | Paralysed by Grinder for 2 turns
  2623 | Sewer    | Killed Grinder
  2624 | Sewer    | Reached skill level 7 in Axes
  2673 | Sewer    | 2673 ||| READING scroll of brand weapon.
  2673 | Sewer    | 2673 ||| BRANDING +0 vorpal war axe.
  2746 | Sewer    | 2746 ||| READING scroll labelled RUNNAXKAOZ.
  2747 | Sewer    | 2747 ||| READING 2 scrolls of identify.
  2747 | Sewer    | 2747 ||| IDENTIFYING murky clear potion
  2771 | D:3      | 2771 ||| PLANNING D:1-11
  3016 | D:3      | 3016 ||| READING scroll labelled JOTIEKLI ZITE.
  3056 | D:4      | 3056 ||| Stepping ~*~*~tactically~*~*~ (stealth).
  3106 | D:4      | 3106 ||| Stepping ~*~*~tactically~*~*~ (stealth).
  3118 | D:4      | Found a sacrificial altar of Ru.
  3201 | D:4      | Reached skill level 1 in Throwing
  3309 | D:4      | Found a glowing silver altar of Zin.
  3312 | D:4      | 3312 ||| DRINKING 2 pink potions.
  3351 | D:4      | 3351 ||| READING 2 scrolls of identify.
  3351 | D:4      | 3351 ||| IDENTIFYING murky ruby potion
  3448 | D:5      | Reached XP level 8. HP: 48/49 MP: 8/8
  3531 | D:5      | 3531 ||| Stepping ~*~*~tactically~*~*~ (stealth).
  3532 | D:5      | 3532 ||| Stepping ~*~*~tactically~*~*~ (stealth).
  3540 | D:5      | 3540 ||| Stepping ~*~*~tactically~*~*~ (stealth).
  3576 | D:5      | Reached skill level 8 in Axes
  3582 | D:5      | 3582 ||| READING scroll of brand weapon.
  3582 | D:5      | 3582 ||| BRANDING +0 war axe of protection.
  3710 | D:5      | 3710 ||| Stepping ~*~*~tactically~*~*~ (hiding).
  3728 | D:5      | 3728 ||| DROPPING +0 whip.
  3783 | D:5      | Reached skill level 6 in Fighting
  3909 | D:5      | 3909 ||| FLEEEEING.
  3910 | D:5      | 3910 ||| FLEEEEING.
  3911 | D:5      | 3911 ||| FLEEEEING.
  3912 | D:5      | 3912 ||| FLEEEEING.
  3913 | D:5      | 3913 ||| FLEEEEING.
  3914 | D:5      | 3914 ||| FLEEEEING.
  3915 | D:5      | 3915 ||| FLEEEEING.
  3917 | D:5      | 3917 ||| FLEEEEING.
  3918 | D:5      | 3918 ||| FLEEEEING.
  3983 | D:5      | Found a staircase to the Ecumenical Temple.
  3984 | D:5      | 3984 ||| PLANNING TEMPLE
  3989 | Temple   | Entered the Ecumenical Temple
  4035 | Temple   | 4035 ||| PLANNING OKAWARU WORSHIP
  4161 | Temple   | Became a worshipper of Warmaster Okawaru
  4162 | Temple   | 4162 ||| PLANNING D:1-11
  4378 | D:5      | Reached skill level 9 in Axes
  4385 | D:5      | 4385 ||| READING scroll of enchant armour.
  4385 | D:5      | 4385 ||| ENCHANTING +0 helmet.
  4404 | D:6      | Found a snail-covered altar of Cheibriados.
  4406 | D:6      | 4406 ||| STAIRDANCE
  4420 | D:5      | Reached XP level 9. HP: 53/55 MP: 9/9
  4425 | D:6      | 4425 ||| STAIRDANCE
  4431 | D:6      | 4431 ||| STAIRDANCE
  4463 | D:6      | 4463 ||| Stepping ~*~*~tactically~*~*~ (stealth).
  4465 | D:6      | 4465 ||| Stepping ~*~*~tactically~*~*~ (stealth).
  4466 | D:6      | 4466 ||| Stepping ~*~*~tactically~*~*~ (stealth).
  4469 | D:6      | 4469 ||| Stepping ~*~*~tactically~*~*~ (stealth).
  4470 | D:6      | Reached * piety under Okawaru
  4474 | D:6      | 4474 ||| INVOKING Heroism.
  4475 | D:6      | 4475 ||| INVOKING Heroism.
  4476 | D:6      | 4476 ||| INVOKING Heroism.
  4486 | D:6      | Reached skill level 1 in Invocations
  4491 | D:6      | 4491 ||| FLEEEEING.
  4493 | D:6      | 4493 ||| STAIRDANCE
  4548 | D:6      | 4548 ||| Stepping ~*~*~tactically~*~*~ (hiding).
  4550 | D:6      | 4550 ||| INVOKING Heroism.
  4565 | D:6      | 4565 ||| INVOKING Heroism.
  4570 | D:6      | Reached skill level 3 in Invocations
  4616 | D:6      | Found a radiant altar of Vehumet.
  4801 | D:6      | 4801 ||| UPGRADING to +0 plate armour.
  4811 | D:6      | 4811 ||| DROPPING +0 scale mail.
  4812 | D:6      | 4812 ||| READING scroll labelled NOCZEC ANLOAT.
  4813 | D:6      | 4813 ||| DRINKING 2 blue potions.
  4814 | D:6      | 4814 ||| DRINKING 2 sapphire potions.
  4815 | D:6      | 4815 ||| READING 2 scrolls of identify.
  4815 | D:6      | 4815 ||| IDENTIFYING glowing orange potion
  4816 | D:6      | 4816 ||| DROPPING potion of degeneration.
  4817 | D:6      | 4817 ||| DROPPING potion of flight.
  4844 | D:7      | 4844 ||| STAIRDANCE
  4855 | D:6      | 4855 ||| DROPPING +0 flail.
  4864 | D:7      | 4864 ||| STAIRDANCE
  4905 | D:7      | 4905 ||| Stepping ~*~*~tactically~*~*~ (stealth).
  4906 | D:7      | 4906 ||| Stepping ~*~*~tactically~*~*~ (hiding).
  4908 | D:7      | 4908 ||| Stepping ~*~*~tactically~*~*~ (hiding).
  4924 | D:7      | Reached ** piety under Okawaru
  4964 | D:7      | 4964 ||| Stepping ~*~*~tactically~*~*~ (hiding).
  4968 | D:7      | 4968 ||| INVOKING Heroism.
  4976 | D:7      | 4976 ||| Stepping ~*~*~tactically~*~*~ (stealth).
  5010 | D:7      | Identified the +7 spear of the Dead {vorpal, Stlth+}
  5016 | D:7      | 5016 ||| INVOKING Heroism.
  5118 | D:7      | 5118 ||| INVOKING Heroism.
  5218 | D:7      | 5218 ||| INVOKING Heroism.
  5268 | D:7      | 5268 ||| READING scroll labelled SOON GOKO LEF.
  5273 | D:8      | Noticed a two-headed ogre
  5274 | D:8      | 5274 ||| INVOKING Heroism.
  5278 | D:8      | 5278 ||| STAIRDANCE
  5281 | D:7      | HP: 7/57 [two-headed ogre/+0 giant club (12)]
  5282 | D:7      | 5282 ||| DRINKING 2 potions of heal wounds.
  5285 | D:7      | Killed a two-headed ogre
  5286 | D:7      | Reached XP level 10. HP: 33/63 MP: 11/13
  5433 | D:8      | 5433 ||| Stepping ~*~*~tactically~*~*~ (stealth).
  5435 | D:8      | 5435 ||| Stepping ~*~*~tactically~*~*~ (hiding).
  5533 | D:8      | Reached skill level 10 in Axes
  5543 | D:8      | Reached *** piety under Okawaru
  5582 | D:8      | 5582 ||| INVOKING Heroism.
  5620 | D:8      | 5620 ||| INVOKING Heroism.
  5620 | D:8      | Noticed Erica
  5638 | D:8      | 5638 ||| INVOKING Heroism.
  5640 | D:8      | Killed Erica
  5641 | D:8      | Reached skill level 6 in Shields
  5642 | D:8      | 5642 ||| DRINKING 3 potions of curing.
  5642 | D:8      | 5642 ||| (to cure confusion)
  5674 | D:8      | Found a staircase to the Lair.
  5712 | D:8      | 5712 ||| Stepping ~*~*~tactically~*~*~ (hiding).
  6421 | D:8      | 6421 ||| PLANNING LAIR
  6421 | D:8      | 6421 ||| DROPPING +6 ring of intelligence.
  6422 | D:8      | 6422 ||| UPGRADING to +4 ring of protection.
  6430 | Lair:1   | Entered Level 1 of the Lair of Beasts
  6435 | Lair:1   | 6435 ||| Stepping ~*~*~tactically~*~*~ (stealth).
  6436 | Lair:1   | 6436 ||| Stepping ~*~*~tactically~*~*~ (stealth).
  6437 | Lair:1   | 6437 ||| Stepping ~*~*~tactically~*~*~ (stealth).
  6445 | Lair:1   | Received a gift from Okawaru
  6458 | Lair:1   | 6458 ||| INVOKING Heroism.
  6473 | Lair:1   | 6473 ||| INVOKING Heroism.
  6516 | Lair:1   | Noticed Amaemon
  6517 | Lair:1   | 6517 ||| Stepping ~*~*~tactically~*~*~ (hiding).
  6519 | Lair:1   | 6519 ||| Stepping ~*~*~tactically~*~*~ (hiding).
  6523 | Lair:1   | 6523 ||| INVOKING Heroism.
  6537 | Lair:1   | Killed Amaemon
  6537 | Lair:1   | Reached **** piety under Okawaru
  6544 | Lair:1   | 6544 ||| DROPPING +2 morningstar.
  6545 | Lair:1   | Noticed an orange demon
  6557 | Lair:1   | Killed an orange demon
  6558 | Lair:1   | Reached XP level 11. HP: 62/68 MP: 14/14
  6686 | Lair:1   | 6686 ||| INVOKING Heroism.
  6697 | Lair:1   | Reached skill level 11 in Axes
  6736 | Lair:1   | 6736 ||| READING scroll of enchant weapon.
  6736 | Lair:1   | 6736 ||| ENCHANTING +1 war axe of draining.
  6860 | Lair:1   | Identified the +1 leather armour of Okawaru, Cursing {rPois
                  | rN+}
  6867 | Lair:1   | Noticed a boulder beetle
  6868 | Lair:1   | 6868 ||| INVOKING Heroism.
  6877 | Lair:1   | Killed a boulder beetle
  6884 | Lair:1   | HP: 17/69 [black mamba (5)]
  6885 | Lair:1   | 6885 ||| DRINKING 2 potions of heal wounds.
  6894 | Lair:1   | 6894 ||| INVOKING Heroism.
  6896 | Lair:1   | Reached ***** piety under Okawaru
  6896 | Lair:1   | HP: 15/69 [black mamba (9)]
  6897 | Lair:1   | Reached skill level 6 in Invocations
  6897 | Lair:1   | 6897 ||| DRINKING potion of heal wounds.
  6902 | Lair:1   | Reached skill level 9 in Fighting
  6902 | Lair:1   | HP: 16/71 [black mamba (5)]
  6903 | Lair:1   | HP: 7/71 [black bear (6)]
  6906 | Lair:1   | HP: 3/71 [black bear (4)]
  6906 | Lair:1   | Slain by a black mamba

Levels and vault maps discovered:
D:1:      dpeg_arrival_round_a, layout_basic, grunt_decor_resistance
D:2:      layout_rooms, basic_altar
D:3:      layout_rooms, portal_sewer_entry_f, serial_shops, nicolae_diamond_shop
D:4:      layout_rooms, nicolae_ru_path_of_blood, zin_scriptorium
D:5:      layout_basic, temple_statues, corexii_checkpoint_a
D:6:      layout_rooms, nicolae_vehumet_radiance,
          mainiacjoe_overflow_tiny_flanked
D:7:      layout_rooms, nrook_campfire
D:8:      layout_basic, erik_lair_orcish_takeover,
          minmay_fractal_squares_gapless_5, uniq_erica
Temple:   nicolae_temple_bog_church
Lair:1:   layout_chaotic_city, hangedman_lair_generics_rect, grunt_megastairs_2,
          uniq_amaemon

Skill      XL: |  1  2  3  4  5  6  7  8  9 10 11 |
---------------+----------------------------------+-----
Axes           | 2 3 4 5 6 7 9 10 11 | 11.0
Fighting       | 4 5 6 7 8 9 |  9.0
Dodging        | 1 |  1.0
Throwing       | 1 2 |  2.2
Shields        | 4 6 |  6.4
Invocations    | 4 7 |  7.0
Armour         | 7 |  7.8

Action                   |  1- 3 |  4- 6 |  7- 9 | 10-12 || total
-------------------------+-------+-------+-------+-------++-------
Melee: War axe           |   142 |   224 |   273 |   177 ||   816
Throw: Boomerang         |       |       |    50 |     7 ||    57
Invok: Heroism           |       |       |     8 |     9 ||    17
  Use: Scroll            |     3 |     8 |    10 |     1 ||    22
       Potion            |     1 |     1 |     4 |     3 ||     9
Armor: Scale mail        |    69 |   131 |   123 |       ||   323
       Plate armour      |       |       |    43 |   165 ||   208
Dodge: Dodged            |    63 |    95 |   135 |    79 ||   372
Block: Buckler           |    25 |    52 |    56 |    47 ||   180

Table legend:
 A = Non-vault XP
 B = Vault XP
 C = Vault XP percentage of total XP
 D = Non-vault monster count
 E = Vault monster count
 F = Vault count percentage of total count
                 A         B        C        D         E       F
            +---------+---------+-------+---------+---------+-------
      Total |    8944 |    4996 |  35.8 |     156 |      60 |  27.8
            +---------+---------+-------+---------+---------+-------
        D:1 |      53 |       0 |   0.0 |      22 |       0 |   0.0
        D:2 |      51 |       0 |   0.0 |      24 |       0 |   0.0
        D:3 |      14 |      12 |  46.2 |       3 |       6 |  66.7
        D:4 |     427 |       0 |   0.0 |      20 |       0 |   0.0
        D:5 |    1414 |       4 |   0.3 |      22 |       2 |   8.3
        D:6 |    1154 |       0 |   0.0 |      26 |       0 |   0.0
        D:7 |    1558 |       0 |   0.0 |      19 |       0 |   0.0
        D:8 |     610 |    1969 |  76.3 |       9 |      14 |  60.9
     Lair:1 |    3663 |    2429 |  39.9 |      11 |       6 |  35.3
      Sewer |       0 |     582 | 100.0 |       0 |      32 | 100.0
            +---------+---------+-------+---------+---------+-------
